 Dungeon Sprint DCSS version 0.29.1-15-g9cfb28693d (webtiles) character file.

Game seed: 12593206770013997721

4090 boopmooplesden the Cleaver (level 10, 0/104 HPs)
             Began as a Minotaur Fighter on Mar 19, 2023.
             Was a Believer of Trog.
             Slain by a sphinx (2 damage)
             ... in the Dungeon (Sprint II: "The Violet Keep of Menkaure").
             The game lasted 00:04:19 (1903 turns).

boopmooplesden the Cleaver (Minotaur Fighter)       Turns: 1903, Time: 00:04:20

Health: 0/104      AC: 17    Str: 25    XL:     10   Next: 5%
Magic:  9/9        EV: 12    Int:  5    God:    Trog [**....]
Gold:   818        SH:  0    Dex: 10    Spells: 9/9 levels left

rFire   . . .      SeeInvis .   l - +1 broad axe (drain)
rCold   . . .      Faith    .   c - +0 buckler
rNeg    . . .      Spirit   .   b - +0 scale mail
rPois   .          Reflect  .   (helmet restricted)
rElec   .          Harm     .   (no cloak)
rCorr   .          Rampage  .   (no gloves)
Will    .....      NoTele   +   k - +1 pair of boots {Fly}
Stlth   ..........              (no amulet)
HPRegen 0.27/turn               r - +4 ring of protection
MPRegen 0.11/turn               (no ring)

@: confused, on berserk cooldown, flying, slowed, very slow
A: horns 2, retaliatory headbutt, shaggy fur 1
a: Renounce Religion, Berserk, Trog's Hand


You were in the Dungeon.
You worshipped Trog.
Trog was pleased with you.
You visited 1 branch You collected 1210 gold pieces.
You spent 392 gold pieces at shops.

Inventory:

Hand Weapons
 a - a +0 war axe
 l - a +1 broad axe of draining (weapon)
Armour
 b - a +0 scale mail (worn)
 c - a +0 buckler (worn)
 k - a +1 pair of boots of flying (worn)
Jewellery
 d - a ring of wizardry
 r - a +4 ring of protection (left hand)
Scrolls
 i - 3 scrolls of identify
 j - 2 scrolls of blinking
 p - 5 scrolls of enchant armour
 u - 2 scrolls of fog
Potions
 e - 3 potions of curing
 f - 2 potions of degeneration {unknown}
 g - a potion of haste
 h - 6 potions of magic
 n - 2 potions of heal wounds
 o - 3 potions of resistance {unknown}
 q - a potion of attraction {unknown}
 s - 3 potions of flight {unknown}
 t - a potion of lignification {unknown}
Miscellaneous
 m - a condenser vane


   Skills:
 + Level 14.3 Fighting
 + Level 14.6 Axes
 + Level 13.1 Armour
 + Level 6.1 Dodging
 + Level 14.1 Shields


You had 9 spell levels left.
You didn't know any spells.
Your spell library was empty.

Dungeon Overview and Level Annotations

Branches:
Dungeon (1/1)

Altars:
Cheibriados
Dithmenos
Elyvilon
Fedhas
Gozag
Hepliaklqana
Kikubaaqudgha
Makhleb
Nemelex Xobeh
Okawaru
Qazlal
Ru
Sif Muna
Trog
Uskayaw
Vehumet
Wu Jian
Xom
Yredelemnul
Zin
The Shining One
Jiyva
Lugonu

Shops:
D =:[!![:=?*!(*(=

Annotations:
D exclusions: ice statue and oklob plant


Innate Abilities, Weirdness & Mutations

You have a pair of horns on your head.
You reflexively headbutt those who attack you in melee.
You are covered in fur. (AC +1)


Message History

The sphinx mumbles some strange words.
You feel as though you will be slow longer.
You can move again.
There is an open door, spattered with blood here.
You slice the sphinx!! You drain the sphinx! You headbutt the sphinx!
The sphinx is almost dead.
You slash the sphinx!
The sphinx hits you but does no damage. x3
The sphinx casts a spell.
You are confused.
You bump into the stone wall.
The sphinx misses you. The sphinx hits you but does no damage.
The sphinx barely misses you.
The sphinx hits you but does no damage. x3
You feel a strong urge to attack something.
You are no longer berserk.
You are exhausted.
You feel as though you will be slow longer.
The sphinx hits you! The sphinx hits you. x2
You see here 27 gold pieces.
Unknown command.
You barely miss the sphinx. You headbutt the sphinx.
The sphinx is lightly wounded.
You closely miss the sphinx. The sphinx hits you!
The sphinx hits you but does no damage. The sphinx closely misses you.
The sphinx hits you!
* * * LOW HITPOINT WARNING * * *
The sphinx barely misses you. The sphinx closely misses you.
The sphinx barely misses you. The sphinx hits you.
* * * LOW HITPOINT WARNING * * *
The sphinx hits you but does no damage.
The sphinx casts a spell.
Something smites you!
* * * LOW HITPOINT WARNING * * *
The sphinx mumbles some strange words.
Something smites you!
* * * LOW HITPOINT WARNING * * *
You see here 27 gold pieces.
You bump into the stone wall.
The sphinx hits you.
* * * LOW HITPOINT WARNING * * *
The sphinx misses you. The sphinx hits you.
You die...

#▓.)..[...▓▓
#▓.[..[([[▓▓
#▓..[...))▓▓
#▓▓▓▓▓▓▓'▓▓▓▓+▓
~~~~~~~~...≈≈≈▓
######'###.≈≈≈▓
.....#~~~##≈≈≈▓
_....#§~≈§####▓▓▓▓▓
._...#§§~§§##..#@$▓
_._..#~~§§§≈#..#H.▓
._._.#~~§~§≈'..'H$▓
_._._#~§§§§~#..#$.▓
._._.#§~≈§§≈▓..#$$▓
_._._#~≈§§▓▓▓▓▓▓▓▓▓
######§§≈≈
~~~~~§≈≈§§
######≈▓▓


You could see 2 sphinxes.

Vanquished Creatures
  A kraken (D)
  2 deep trolls (D)
  A merfolk siren (D)
  A yaktaur (D)
  3 polar bears (D)
  A hornet (D)
  4 neqoxecs (D)
  5 water moccasins (D)
  A hell rat (D)
  3 worms (D)
  4 tentacles (D)
26 creatures vanquished.

Vanquished Creatures (others)
  Menkaure (D)
  12 tentacles (D)
13 creatures vanquished.

Grand Total: 39 creatures vanquished

Notes
Turn   | Place    | Note
-------+----------+-------------------------------------------
     0 | D        | boopmooplesden the Minotaur Fighter began the quest for the
                  | Orb.
     0 | D        | Reached XP level 1. HP: 19/19 MP: 0/0
     1 | D        | Noticed a merfolk siren
    14 | D        | Killed a merfolk siren
    15 | D        | Reached skill level 5 in Axes
    15 | D        | Reached XP level 2. HP: 31/37 MP: 1/1
    15 | D        | Reached XP level 3. HP: 37/44 MP: 2/2
    15 | D        | Reached XP level 4. HP: 42/50 MP: 3/3
    15 | D        | Reached XP level 5. HP: 48/57 MP: 4/4
    15 | D        | Reached XP level 6. HP: 54/64 MP: 5/5
    33 | D        | Killed Menkaure
   177 | D        | Noticed a boulder beetle
   177 | D        | Noticed a boulder beetle
   180 | D        | Noticed a neqoxec
   180 | D        | Noticed a neqoxec
   180 | D        | Noticed a neqoxec
   180 | D        | Noticed a neqoxec
   188 | D        | Killed a neqoxec
   189 | D        | Reached skill level 10 in Fighting
   189 | D        | Reached skill level 10 in Armour
   189 | D        | Reached skill level 10 in Shields
   192 | D        | Killed a neqoxec
   193 | D        | Reached XP level 7. HP: 57/73 MP: 6/6
   195 | D        | Lost intelligence.
   200 | D        | Gained mutation: You are covered in fur. (AC +1) [a
                  | neqoxec]
   201 | D        | Killed a neqoxec
   204 | D        | Killed a neqoxec
   319 | D        | Found Ycec's Antique Weapon Boutique.
   319 | D        | Found Hurph's Antique Weapon Boutique.
   319 | D        | Found Yliror's Distillery.
   320 | D        | Found Pariores's Jewellery Shop.
   320 | D        | Found Lasmuech's General Store.
   320 | D        | Found Inuaggomm's Magic Scroll Boutique.
   320 | D        | Found Pylaen's Jewellery Shop.
   320 | D        | Found Hulat's Book Boutique.
   321 | D        | Found Husul's Assorted Antiques.
   321 | D        | Found Suts's Antique Armour Boutique.
   321 | D        | Found Kidohec's Distillery.
   321 | D        | Found Syeruaf's Distillery.
   321 | D        | Noticed a slime creature
   569 | D        | Found Ockouch's Antique Armour Boutique.
   569 | D        | Noticed a slime creature
   569 | D        | Noticed a slime creature
   569 | D        | Noticed an oklob plant
   570 | D        | Found Nuifaviuf's Book Shoppe.
   570 | D        | Found Imuit's Jewellery Boutique.
   571 | D        | Noticed a yak
   571 | D        | Noticed a yak
   571 | D        | Noticed a yak
   576 | D        | Noticed a flying skull
   576 | D        | Noticed a flying skull
   576 | D        | Noticed a flying skull
   576 | D        | Noticed a flying skull
   576 | D        | Noticed a flying skull
   577 | D        | Bought a pair of embroidered boots for 210 gold pieces
   587 | D        | Bought a glowing broad axe for 182 gold pieces
   618 | D        | Noticed an ice statue
   626 | D        | Noticed an obsidian statue
   629 | D        | Found a glowing golden altar of the Shining One.
   629 | D        | Found a shimmering altar of Xom.
   635 | D        | Found a glowing silver altar of Zin.
   635 | D        | Found a basalt altar of Yredelemnul.
   635 | D        | Found a bloodstained altar of Trog.
   635 | D        | Found an ornate altar of the Wu Jian Council.
   635 | D        | Found a shimmering blue altar of Sif Muna.
   635 | D        | Found a sacrificial altar of Ru.
   635 | D        | Found an ancient bone altar of Kikubaaqudgha.
   635 | D        | Found a stormy altar of Qazlal.
   635 | D        | Found a viscous altar of Jiyva.
   635 | D        | Found a hazy altar of Hepliaklqana.
   635 | D        | Found a snail-covered altar of Cheibriados.
   636 | D        | Found a hide-covered altar of Uskayaw.
   636 | D        | Found a corrupted altar of Lugonu.
   636 | D        | Found a shadowy altar of Dithmenos.
   640 | D        | Found a white marble altar of Elyvilon.
   640 | D        | Found a burning altar of Makhleb.
   640 | D        | Found a radiant altar of Vehumet.
   642 | D        | Noticed a polar bear
   642 | D        | Noticed a polar bear
   643 | D        | Noticed a polar bear
   672 | D        | Killed a polar bear
   673 | D        | Reached XP level 8. HP: 52/83 MP: 7/7
   674 | D        | Killed a polar bear
   821 | D        | Noticed a yaktaur
   822 | D        | Noticed a hornet
   829 | D        | Paralysed by a hornet for 1 turns
   835 | D        | Killed a yaktaur
   836 | D        | Reached skill level 10 in Axes
   836 | D        | Reached skill level 1 in Dodging
   837 | D        | Killed a hornet
   843 | D        | Killed a polar bear
   844 | D        | Found a blossoming altar of Fedhas.
   846 | D        | Found an opulent altar of Gozag.
   858 | D        | Found a sparkling altar of Nemelex Xobeh.
   859 | D        | Found an iron altar of Okawaru.
   878 | D        | Became a worshipper of Trog the Wrathful
  1170 | D        | Noticed a kraken
  1192 | D        | Reached * piety under Trog
  1193 | D        | Reached XP level 9. HP: 76/92 MP: 8/8
  1566 | D        | Killed a kraken
  1567 | D        | Reached skill level 5 in Dodging
  1804 | D        | Noticed a deep troll
  1804 | D        | Noticed a deep troll
  1809 | D        | Killed a deep troll
  1815 | D        | Killed a deep troll
  1815 | D        | Reached ** piety under Trog
  1816 | D        | Reached XP level 10. HP: 104/104 MP: 9/9
  1889 | D        | Noticed a sphinx
  1889 | D        | Noticed a sphinx
  1892 | D        | Paralysed by a sphinx for 5 turns
  1902 | D        | HP: 4/104 [sphinx/divine providence (13)]
  1903 | D        | Slain by a sphinx

Illustrated notes

Levels and vault maps discovered:
D:        the_violet_keep_of_menkaure [sprint2_stairs_cluster_1,
          sprint2_shoproom, sprint2_temple, sprint2_basic_supplies,
          sprint2_obstacle_2, sprint2_obstacle_3, sprint2_obstacle_4,
          sprint2_obstacle_1, sprint2_obstacle_7, sprint2_timed_cluster_1,
          sprint2_smallroom_cluster_1, sprint2_smallroom_final_cluster_1,
          sprint2_transparent_cluster_1, sprint2_second_timed_cluster_1,
          sprint2_sniper_area_1, sprint2_heavy_combat_area_1,
          sprint2_mutation_trap_area_1, sprint2_forest_area_1,
          sprint2_light_combat_area_1, sprint2_behind_water_1,
          sprint2_near_end_vault_1]

Skill      XL: |  1  2  3  4  5  6  7  8  9 |
---------------+----------------------------+-----
Fighting       | 9 10 11 12 14 | 14.3
Axes           | 5 6 8 11 14 | 14.6
Armour         | 9 10 11 12 13 | 13.1
Shields        | 9 10 11 12 14 | 14.1
Dodging        | 2 6 |  6.1

Action                   |  1- 3 |  4- 6 |  7- 9 | 10-12 || total
-------------------------+-------+-------+-------+-------++-------
Melee: War axe           |    11 |    12 |    34 |       ||    57
       Headbutt          |     1 |     3 |    20 |     3 ||    27
       Broad axe         |       |       |    78 |     3 ||    81
Invok: Berserk           |       |       |     2 |     1 ||     3
  Use: Potion            |     1 |       |     2 |       ||     3
       Scroll            |       |       |     2 |       ||     2
Armor: Scale mail        |     1 |     3 |    56 |    25 ||    85
Dodge: Dodged            |     1 |     3 |    61 |     9 ||    74
Block: Buckler           |       |     3 |    40 |       ||    43
